 Dungeon Crawl Stone Soup version 0.18-a0-1773-gec4f98e (webtiles) character file.

105 dobroeutro the Shield-Bearer (level 4, -5/29 HPs)
             Began as a Gargoyle Fighter on Apr 14, 2016.
             Killed by divine providence
             ... invoked by an orc priest
              (12 damage)
             ... on level 3 of the Dungeon.
             The game lasted 00:02:38 (1349 turns).

dobroeutro the Shield-Bearer (Gargoyle Fighter)     Turns: 1349, Time: 00:02:38

Health: -5/29      AC: 12    Str: 20    XL:     4   Next: 83%
Magic:  13/13      EV:  7    Int:  9    God:
Gold:   90         SH:  9    Dex:  9    Spells: 0 memorised, 3 levels left

rFire  . . .     SeeInvis .     a - +0 flail
rCold  . . .     Gourm    .     b - +0 scale mail
rNeg   + . .     Faith    .     c - +0 shield
rPois  ∞         Spirit   .     p - +0 helmet
rElec  +         Dismiss  .     j - +0 cloak
rCorr  .         Reflect  .     (no gloves)
SustAt .         Harm     .     (no boots)
MR     .....                    (no amulet)
Stlth  ..........               (no ring)
                                r - ring of magical power

@: not resistant to hostile enchantments, extremely unstealthy
A: negative energy resistance 1, electricity resistance, unbreathing,
petrification resistance, rot immunity, AC +3
a: no special abilities


You were on level 3 of the Dungeon.
You were not hungry.

You visited 1 branch of the dungeon, and saw 3 of its levels.

You collected 90 gold pieces.

Inventory:

Hand Weapons
 a - a +0 flail (weapon)
Missiles
 l - 3 javelins (quivered)
Armour
 b - a +0 scale mail (worn)
 c - a +0 shield (worn)
 j - a +0 cloak (worn)
 p - a +0 helmet (worn)
Jewellery
 e - an uncursed ring of ice
 r - a ring of magical power (left hand)
Scrolls
 g - 4 scrolls of identify {unknown}
 h - 2 scrolls of enchant armour {unknown}
 s - a scroll of fear {unknown}
 u - 2 scrolls of teleportation {unknown}
Potions
 d - a potion of might
 i - 3 potions of curing {unknown}
 k - 2 potions of agility {unknown}
 q - a potion of flight {unknown}
 t - a potion of degeneration {unknown}
Comestibles
 f - a bread ration
 m - 2 meat rations
 n - 6 fruits
 o - 4 slices of pizza
 v - 5 chunks of flesh


   Skills:
 + Level 4.0 Fighting
 + Level 2.4 Maces & Flails
 + Level 3.7 Armour
 + Level 4.9 Shields


You had 3 spell levels left.
You didn't know any spells.

Dungeon Overview and Level Annotations

Branches:
Dungeon (3/15)

Altars:
Makhleb


Innate Abilities, Weirdness & Mutations

You are resistant to torment.
Your stone body is resilient (AC +3).
You are immune to poison.
You resist negative energy.
You are resistant to electric shocks.
You can survive without breathing.
You are immune to petrification.
You are immune to rotting.


Message History

You block the orc priest's attack.
You hit the orc priest but do no damage.
The orc priest is lightly wounded.
You block the orc priest's attack.
You closely miss the orc priest.
The orc priest is lightly wounded.
You block the orc priest's attack.
You hit the orc priest.
The orc priest is heavily wounded.
You block the orc priest's attack.
You hit the orc priest but do no damage.
The orc priest is heavily wounded.
The orc priest mumbles some strange prayers to Beogh against you.
Beogh smites you!
Ouch! That really hurt!
The orc priest hits you with a flail.
* * * LOW HITPOINT WARNING * * *
The orc priest calls down the wrath of Beogh upon you.
Beogh smites you!
You die...

#........#.##..........#
#..........####).......#
#.##..##.### #........#
.... #.# #.##.##### .g##
#o# #.#..# > #.# #.#.#
#g# #...# #.###
##o#######..#
......##..@........#
#..............#####
####..........(....##
#..........<)....##
##.........†......#
#.###..>.........# ..#
#............# ###
##..........##
##...##...##


You could see 2 orc priests and a gnoll.

Vanquished Creatures
  3 gnolls (D:2)
  3 adders (D:2)
  A worm (D:2)
  A dart slug (D:1)
  4 giant geckos (D:2)
  An orc (D:3)
  2 giant cockroaches
  6 goblins (D:1)
  A hobgoblin (D:2)
  7 bats
  6 giant newts
  6 kobolds
  3 rats
44 creatures vanquished.

Notes
Turn   | Place    | Note
--------------------------------------------------------------
     0 | D:1      | dobroeutro the Gargoyle Fighter began the quest for the Orb.
     0 | D:1      | Reached XP level 1. HP: 14/14 MP: 1/1
   225 | D:1      | Reached XP level 2. HP: 9/19 MP: 2/2
   587 | D:2      | Reached XP level 3. HP: 24/24 MP: 3/3
   833 | D:2      | Reached XP level 4. HP: 18/29 MP: 4/4
  1146 | D:2      | Found a burning altar of Makhleb.
  1349 | D:3      | Killed from afar by an orc priest

Vault maps used:
D:1:      noname_arrival_rooms_in_the_neighbourhood, serial_bayou_pond_d
D:2:      lemuel_coloured_pillars_altar
D:3:      fedhas_altar_1

Skill      XL: |  1  2  3  4 |
---------------+-------------+-----
Shields        | 4 |  4.9
Fighting       | 4 |  4.0
Maces & Flails | |  2.4
Armour         | |  3.7

Action                   |  1- 3 |  4- 6 || total
-------------------------+-------+-------++-------
Melee: Flail             |   176 |    82 ||   258
  Eat: Chunk             |       |     2 ||     2
Armor: Scale mail        |   139 |    63 ||   202
Dodge: Dodged            |    85 |    29 ||   114
Block: Shield            |   144 |    49 ||   193
